 Dungeon Crawl Stone Soup version 0.27-a0-1202-ge72e49191c (webtiles) character file.

Game seed: 3414462606111550364

11 Delamore the Skirmisher (level 2, 0/25 HPs)
             Began as a Formicid Fighter on June 4, 2021.
             Slain by a goblin
             ... wielding a +0 club
              (2 damage)
             ... on level 1 of the Dungeon.
             The game lasted 00:00:37 (266 turns).

Delamore the Skirmisher (Formicid Fighter)           Turns: 266, Time: 00:00:38

Health: 0/25       AC:  6    Str: 20    XL:     2   Next: 40%
Magic:  2/2        EV:  7    Int:  7    God:
Gold:   24         SH:  9    Dex: 10    Spells: 1/1 levels left

rFire    . . .     SeeInvis +   a - +0 trident
rCold    . . .     Faith    .   c - +0 kite shield
rNeg     . . .     Spirit   .   b - +0 scale mail
rPois    .         Reflect  .   (helmet unavailable)
rElec    .         Harm     .   (no cloak)
rCorr    .         Rampage  .   (no gloves)
Will     .....                  (no boots)
Stlth    ..........             (no amulet)
HPRegen  0.08/turn              (no ring)
MPRegen  0.08/turn              (no ring)

@: no status effects
A: permanent stasis, dig shafts and tunnels, antennae 3, four strong arms
a: Dig, Shaft Self


You were on level 1 of the Dungeon.
You visited 1 branch of the dungeon, and saw 1 of its levels.

You collected 24 gold pieces.

Inventory:

Hand Weapons
 a - a +0 trident (weapon)
Armour
 b - a +0 scale mail (worn)
 c - a +0 kite shield (worn)
Potions
 d - a potion of might


   Skills:
 + Level 3.7 Fighting
 * Level 2.4 Polearms
 - Level 3.2 Armour
 - Level 3.6 Shields


You had one spell level left.
You didn't know any spells.
Your spell library was empty.

Dungeon Overview and Level Annotations

Branches:
Dungeon (1/15)

Altars:


Innate Abilities, Weirdness & Mutations

You cannot be hasted, slowed, berserked, paralysed or teleported.
You can dig through walls and to a lower floor.
You have a pair of large antennae on your head. (SInv)
Your four strong arms can wield two-handed weapons with a shield.


Message History

You barely miss the goblin.
The goblin is severely wounded.
The goblin hits you but does no damage.
You closely miss the goblin.
The goblin is severely wounded.
You block the goblin's attack.
Reach: a) +0 trident
Press: ? - help, Dir - move target, f - jackal
Aim: a jackal (about 53% to evade your +0 trident)
The goblin is in the way.
You barely miss the goblin.
The goblin is severely wounded.
The goblin hits you but does no damage.
Reach: a) +0 trident
Press: ? - help, Dir - move target, f/p - jackal
Aim: a jackal (about 53% to evade your +0 trident)
You reach to attack!
You barely miss the jackal. The goblin hits you with a +0 club.
* * * LOW HITPOINT WARNING * * *
You block the goblin's attack.
Reach: a) +0 trident
Press: ? - help, Dir - move target, f/p - jackal
Aim: a jackal (about 53% to evade your +0 trident)
You reach to attack!
You barely miss the jackal. The goblin hits you but does no damage.
Okay, then.
As you read the scroll labelled XIAZOVE NAAFEP, it crumbles to dust.
It is a scroll of identify.
You don't have any unidentified items.
The goblin hits you but does no damage.
You extend your mandibles.
You dig through the rock wall.
You dig through the rock wall.
The goblin hits you with a +0 club.
* * * LOW HITPOINT WARNING * * *
You dig through the rock wall.
You dig through the rock wall.
You dig through the rock wall.
An endoplasm comes into view.
You dig through the rock wall.
You dig through the rock wall.
The goblin hits you with a +0 club.
You die...

####.#.### #.####.##.#
..........###..J......
.......##.#.#{####..
#....###.##h#
#........#.##
#....####{## #.# ###
#......#.## #.#.#..
#....#.#.##g# #)#..<#
#.#.##.#.#@## #.#####
# #. #.#.### #.....)
#. #†#.# ##..#..
#.##.#.##.#.######
#..###
.................#
#.....
...###..###..###.#
#.###. #..... #....#
#.# #.#.##.
###..###..###.....
..###.## ............#
####.#.###


You could see a goblin.

Vanquished Creatures
  3 bats (D:1)
  3 goblins (D:1)
  A hobgoblin (D:1)
  2 jackals (D:1)
  A rat (D:1)
10 creatures vanquished.

Notes
Turn   | Place    | Note
-------+----------+-------------------------------------------
     0 | D:1      | Delamore the Formicid Fighter began the quest for the Orb.
     0 | D:1      | Reached XP level 1. HP: 18/18 MP: 1/1
   150 | D:1      | Reached XP level 2. HP: 24/24 MP: 2/2
   266 | D:1      | Slain by a goblin

Illustrated notes

Levels and vault maps discovered:
D:1:      ebering_trefoil_twist, layout_loops_ring, grunt_decor_resistance,
          minmay_misc_feat_nine_boxes, nrook_mini_vaults

Action                   || total
-------------------------++-------
Melee: Trident           ||    51
 Abil: Dig               ||     1
  Use: Scroll            ||     1
Armor: Scale mail        ||    34
Dodge: Dodged            ||    17
Block: Kite shield       ||    37

Table legend: (Time is in decaauts)
 A = Elapsed time spent in this place.
 B = Non-inter-level travel time spent in this place.
 C = Inter-level travel time spent in this place.
 D = Time resting spent in this place.
 E = Time spent auto-exploring this place.
 F = Levels seen in this place.
 G = Mean time per level.
                   A        B        C        D        E       F      G
               +--------+--------+--------+--------+--------+-----+--------+
         Total |    286 |    286 |      0 |      0 |    174 |   1 |  286.0 |
       Dungeon |    286 |    286 |      0 |      0 |    174 |   1 |  286.0 |
               +--------+--------+--------+--------+--------+-----+--------+

Top non-repeatable levels by time:
     D:1: 286 daAuts
